 Dungeon Crawl Stone Soup version 0.19-a0-1637-gfc13266 (webtiles) character file.

67 Amnesiac the Charlatan (level 4, -9/25 HPs)
             Began as a Kobold Artificer on Sept 19, 2016.
             Killed themself with a badly aimed iceblast (12 damage)
             ... on level 4 of the Dungeon.
             The game lasted 00:01:54 (767 turns).

Amnesiac the Charlatan (Kobold Artificer)            Turns: 767, Time: 00:01:55

Health: -9/25      AC:  9    Str: 10    XL:     4   Next: 40%
Magic:  7/7        EV: 13    Int: 12    God:
Gold:   114        SH:  0    Dex: 15    Spells: 0 memorised, 3 levels left

rFire  . . .     SeeInvis .     l - +0 mace
rCold  . . .     Gourm    .     b - +4 ring mail
rNeg   . . .     Faith    .     (shield restricted)
rPois  .         Spirit   .     (no helmet)
rElec  .         Dismiss  .     (no cloak)
rCorr  .         Reflect  .     (no gloves)
MR     .....     Harm     .     (no boots)
Stlth  +.........               (no amulet)
                                (no ring)
                                (no ring)

@: lethally poisoned (-9 -> -20)
A: carnivore 3
a: no special abilities


You were on level 4 of the Dungeon.
You were completely stuffed.

You visited 1 branch of the dungeon, and saw 4 of its levels.

You collected 114 gold pieces.

Inventory:

Hand Weapons
 l - a +0 mace (weapon)
Missiles
 g - 5 curare-tipped needles
Armour
 b - a +4 ring mail (worn)
 i - a +1 ring mail of poison resistance
Wands
 c - a wand of flame (11/48)
 d - a wand of enslavement (15/24)
 e - a wand of random effects (15/48)
 n - a wand of digging (13/24)
Scrolls
 h - a scroll of noise {unknown}
 o - a scroll of immolation {unknown}
Potions
 a - a potion of cure mutation {unknown}
 j - a potion of brilliance {unknown}
 m - a potion of lignification {unknown}
Comestibles
 f - a meat ration
 p - a beef jerky


   Skills:
 - Level 1.1 Fighting
   Level 1.3 Short Blades
 + Level 1.9 Maces & Flails
 - Level 2.4 Dodging
 - Level 1.3 Stealth
 - Level 5.1 Evocations


You had 3 spell levels left.
You didn't know any spells.

Dungeon Overview and Level Annotations

Branches:
Dungeon (4/15)
 Temple: D:4-7

Altars:
Fedhas
Makhleb


Innate Abilities, Weirdness & Mutations

You are small and have problems with some larger weapons.
You are carnivorous and can eat meat at any time.


Message History

The worker ant poisons you!
* * * LOW HITPOINT WARNING * * *
You feel sick.
All of the chunks of flesh in your inventory have rotted away.
* * * LOW HITPOINT WARNING * * *
You feel sick.
* * * LOW HITPOINT WARNING * * *
You feel sick.
The worker ant waves its antennae.
The worker ant bites you but does no damage.
* * * LOW HITPOINT WARNING * * *
You feel sick.
Evoke which item? (* to show all) (? for menu, Esc to quit)
Zapping:
e - a wand of random effects (15/48)
Press: ? - help, Shift-Dir - straight line, f/p - worker ant
Aim: a worker ant (lightly wounded)
The mass of ice explodes!
The iceblast engulfs the worker ant.
The worker ant is moderately wounded.
The iceblast engulfs the bush.
The iceblast engulfs you!
You die...

.............###..#.....##
...#####.......#..##.....#
...# #.......#...#.....#
.. #.......#...#.....#
#.......#>..#.....#
#...........#.....#
#...........#.....#
##...........#.....#
#........♣@a..###.....
#........♣P.....# ...
#..........♣....# .
#.......#.......#
#.......#.......#
#.......#..######
#......###..#
#......#....#
#......#....#


You could see a worker ant.

Vanquished Creatures
  A jelly (D:4)
  2 adders (D:3)
  2 leopard geckos (D:3)
  An orc (D:3)
  2 bats (D:3)
  2 giant cockroaches (D:3)
  3 hobgoblins
  A kobold (D:3)
  A frilled lizard (D:3)
  3 rats
18 creatures vanquished.

Notes
Turn   | Place    | Note
-------+----------+-------------------------------------------
     0 | D:1      | Amnesiac the Kobold Artificer began the quest for the Orb.
     0 | D:1      | Reached XP level 1. HP: 12/12 MP: 3/3
   215 | D:3      | Reached skill level 4 in Evocations
   340 | D:3      | Reached XP level 2. HP: 16/16 MP: 5/5
   405 | D:3      | Reached skill level 5 in Evocations
   405 | D:3      | Reached XP level 3. HP: 20/20 MP: 6/6
   579 | D:3      | Found a burning altar of Makhleb.
   670 | D:3      | Found a blossoming altar of Fedhas.
   699 | D:4      | Reached skill level 1 in Maces & Flails
   699 | D:4      | Reached XP level 4. HP: 25/25 MP: 7/7
   767 | D:4      | Killed themself with a badly aimed iceblast

Vault maps used:
D:1:      dpeg_arrival_erosion, minmay_rat_gold_closets
D:3:      nicolae_overflow_crystal_walls, lemuel_round_altar, uniq_robin
D:4:      first_bread, serial_park_tiny_2, serial_bayou_lagoon_a

Skill      XL: |  1  2  3 |
---------------+----------+-----
Evocations     | 4 5 |  5.1
Maces & Flails | 1 |  1.9
Fighting       | |  1.1
Short Blades   | |  1.3
Dodging        | |  2.4
Stealth        | |  1.3

Action                   |  1- 3 |  4- 6 || total
-------------------------+-------+-------++-------
Melee: Short sword       |    44 |       ||    44
       Mace              |    17 |     4 ||    21
Evoke: Wand              |     2 |     2 ||     4
 Stab: Sleeping          |     3 |       ||     3
  Eat: Chunk             |     8 |       ||     8
Armor: Leather armour    |     4 |       ||     4
       Ring mail         |    21 |     2 ||    23
Dodge: Dodged            |    53 |     3 ||    56
